 Dungeon Crawl Stone Soup version 0.10.4 character file.

166 Conn the Firebug (level 3, -2/21 HPs)
             Began as an Octopode Fire Elementalist on Apr 18, 2023.
             Killed from afar by Sigmund (10 damage)
             ... with a puff of flame
             ... on Level 2 of the Dungeon.
             The game lasted 00:06:05 (1331 turns).

Conn the Firebug (Octopode Fire Elementalist)       Turns: 1331, Time: 00:06:05

HP  -2/21        AC  1     Str  7      XL: 3   Next: 33%
MP   6/6         EV 12     Int 18      God:
Gold 131         SH  0     Dex 12      Spells:  2 memorised,  1 level left

Res.Fire  : . . .   See Invis. : .   (no weapon)
Res.Cold  : . . .   Warding    : . . (no shield)
Life Prot.: . . .   Conserve   : .   (helmet restricted)
Res.Acid. : . . .   Res.Corr.  : .   (no amulet)
Res.Poison: .       Clarity    : .   (no ring)
Res.Elec. : .       Spirit.Shd : .   (no ring)
Sust.Abil.: . .     Stasis     : .   (no ring)
Res.Mut.  : .       Ctrl.Telep.: .   (no ring)
Res.Rott. : .       Levitation : .   (no ring)
Saprovore : . . .   Ctrl.Flight: .   (no ring)
                                     (no ring)
                                     (no ring)

@: confused, slowed, very slow, not resistant to hostile enchantments, fairly
stealthy
A: almost no armour, amphibious, constrict 8, camouflage 1, tentacles 3, AC +1
a: no special abilities


You were on level 2 of the Dungeon.
You were not hungry.

You visited 1 branch of the dungeon, and saw 2 of its levels.

You collected 111 gold pieces.

Inventory:

Hand weapons
 d - a +0,+0 club (quivered)
 n - a +0,+0 orcish dagger
Missiles
 f - 24 +0 stones
 j - 13 +0 bolts of frost
Comestibles
 c - a bread ration
 t - a meat ration
Scrolls
 a - a scroll of magic mapping {unknown}
 i - a scroll of curse jewellery {unknown}
 k - a scroll of identify {unknown}
 l - a scroll of enchant weapon I {unknown}
 m - a scroll of fear {unknown}
 o - a scroll of enchant armour {unknown}
 s - a scroll of recharging {unknown}
Potions
 e - 2 potions of water
 g - a potion of restore abilities {unknown}
 h - a potion of speed {unknown}
 p - a potion of levitation {unknown}
 q - 2 potions of curing {unknown}
Books
 b - a book of Flames

   Spells                             Type                      Level
   *Flame Tongue                      Conjuration/Fire             1
   Throw Flame                        Conjuration/Fire             2
   *Conjure Flame                     Conjuration/Fire             3
   Inner Flame                        Hexes/Fire                   3
   Sticky Flame                       Conjuration/Fire             4
   Fireball                           Conjuration/Fire             5


   Skills:
 + Level 2.6 Dodging
 + Level 3.4 Stealth
 + Level 0.2 Stabbing
 + Level 0.4 Unarmed Combat
 + Level 1.7 Spellcasting
 + Level 1.9 Conjurations
 + Level 3.7 Fire Magic


You had one spell level left.
You knew the following spells:

 Your Spells              Type           Power        Failure   Level  Hunger
a - Flame Tongue          Fire/Conj      ###...       8%          1    Strawberry
b - Conjure Flame         Fire/Conj      ###......    21%         3    Honeycomb

Dungeon Overview and Level Annotations

Branches:
Dungeon (2/27)

Altars:

Annotations
D:2 Sigmund


Innate Abilities, Weirdness & Mutations

You cannot wear most types of armour.
You can wear up to eight rings at the same time.
You are amphibious.
You can use your tentacles to constrict many enemies at once.
Your rubbery body absorbs attacks (AC +1).
Your skin changes colour to match your surroundings (Stlth).
You have a mass of large tentacles instead of arms.


Message History

Sigmund shouts!
Sigmund casts a spell at you. The puff of flame hits you!
Ouch! That really hurt!
Unknown command.
Sigmund laughs darkly.
Sigmund zaps a wand.
You resist.
Sigmund says, "Your kind have come here before.
I understand now why.
You desire death..."
Sigmund zaps a wand.
You feel yourself slow down.
Casting: Flame Tongue
Confirm with . or Enter, or press ? or * to list all spells.
Okay, then.
Sigmund casts a spell at you.
You are confused.
Drink which item? (? for menu, Esc to quit)
This tastes like water.
It was a potion of water.
Sigmund zaps a wand.
You resist. Sigmund casts a spell at you. The puff of flame hits you!
You die...

#..............#.#
#.#####.#...####
#............#
#.###.#.#.##.# #.#
#.#.#.# .# #.#
#.#.#.# .# #.#
#.#.#.# .#
#.###.#.#.# .#
#.....#@#.##.##
#######.^..@..#
...............#
#######.......#
#.......#
########.......#
#.......>.....##
###############


You could see Sigmund.

Vanquished Creatures
  A giant mite (D:2)
  A giant gecko (D:1)
  3 giant cockroaches
  4 hobgoblins
  2 kobolds (D:1)
  5 bats (D:1)
  3 giant newts
  4 goblins (D:1)
  5 rats
28 creatures vanquished.

Vanquished Creatures (others)
  3 toadstools (D:1)
3 creatures vanquished.

Grand Total: 31 creatures vanquished

Notes
Turn   | Place    | Note
--------------------------------------------------------------
     0 | D:1      | Conn, the Octopode Fire Elementalist, began the quest for the Orb.
     0 | D:1      | Reached XP level 1. HP: 11/11 MP: 3/3
   212 | D:1      | Reached XP level 2. HP: 17/17 MP: 4/4
   732 | D:1      | Reached XP level 3. HP: 19/21 MP: 6/6
  1106 | D:2      | Noticed Sigmund
  1316 | D:2      | Learned a level 3 spell: Conjure Flame
  1331 | D:2      | Killed from afar by Sigmund
